 Dungeon Crawl Stone Soup version 0.32-a0-128-g77eb882913 (webtiles) character file.

Game seed: 15554081110643469945

51 zeratav the Trooper (level 3, -4/26 HPs)
             Began as an Octopode Shapeshifter on Feb 8, 2024.
             Slain by an orc
             ... wielding a +0 hand axe
              (5 damage)
             ... on level 2 of the Dungeon.
             The game lasted 00:01:50 (984 turns).

zeratav the Trooper (Octopode Shapeshifter)          Turns: 984, Time: 00:01:50

Health: -4/26      AC:  1    Str: 15    XL:     3   Next: 81%
Magic:  3/3        EV: 13    Int: 12    God:
Gold:   86         SH:  0    Dex: 14    Spells: 2/2 levels left

rFire   . . .        i - +8 sling of Vuciy {drain, ^Drain rPois Dex+3}
rCold   . . .        (no shield)
rNeg    . . .        (helmet currently unavailable)
rPois   +            (no amulet)
rElec   .            (no ring)
rCorr   .            (no ring)
SInv    .            (no ring)
Will    .....        (no ring)
Stlth   ++           (no ring)
HPRegen 0.24/turn    (no ring)
MPRegen 0.08/turn    (no ring)
                     (no ring)

%: no passive effects
@: confused, mighty, beast-form
A: beast (slay +1), almost no armour, amphibious, 8 rings, camouflage 1,
gelatinous body 1, (nimble swimmer 1), tentacles
a: Begin Untransformation


You were on level 2 of the Dungeon.
You were a hulking beast.
You visited 1 branch of the dungeon, and saw 2 of its levels.

You collected 86 gold pieces.


Innate Abilities, Weirdness & Mutations

You are a hulking beast.
Your limbs bulge with bestial killing power. (Slay +1)
You cannot wear most types of armour.
You are amphibious.
You can wear up to eight rings at the same time.
Your skin changes colour to match your surroundings (Stealth+).
Your rubbery body absorbs attacks. (AC +1, EV +1)
((You are camouflaged when in or above water. (Stealth+)))
You have tentacles for arms and can constrict up to eight enemies at once.


   Skills:
 + Level 3.5 Fighting
 - Level 2.0 Dodging
 - Level 3.0 Unarmed Combat
 - Level 3.0 Shapeshifting


You had 2 spell levels left.
You didn't know any spells.
Your spell library was empty.

Inventory:

Hand Weapons
 e - a +2 short sword of draining {short}
   (You found it on level 1 of the Dungeon)
 i - the +8 sling of Vuciy (weapon) {drain, ^Drain rPois Dex+3}
   (You found it on level 2 of the Dungeon)

   Dex+3:     It affects your dexterity (+3).
   rPois:     It protects you from poison ^Drain: It drains your maximum health
   when unequipped.
Talismans
 b - a beast talisman (active)
 c - a flux talisman
Scrolls
 d - 2 scrolls of identify {unknown}
 f - a scroll of immolation {unknown}
 g - a scroll of enchant armour {unknown}
Potions
 a - a potion of lignification {!q}

Dungeon Overview and Level Annotations

Branches:
Dungeon (2/15) Zot: 11005

Altars:

###..#...#......##.#
##...#........##.#
######...........#
.............)....#
.#######.#........#
...#####.#........#
...†).............#
##########.........
#hr......(
#.!..{o#...###
.......S#....#
##.....g# #....
######.. ..## #..
..# ... .^ ....


You could see an adder (very drained), an orc, a goblin and a rat.


Message History

The sling bullet closely misses the goblin.
You shoot a sling bullet.
The sling bullet barely misses the goblin.
You shoot a sling bullet. The sling bullet hits the goblin!
You kill the goblin!
No target in view!
No target in view!
No target in view!
No target in view!
No target in view!
No target in view!
No target in view!
No target in view!
No target in view!
No target in view!
No target in view!
No target in view!
No target in view!
No target in view!
No target in view!
No target in view!
No target in view!
No target in view!
No target in view!
No target in view!
An orc wizard and 3 orcs come into view.
The orc shouts! x2; The orc wizard shouts!
You shoot a sling bullet.
The sling bullet completely misses the orc.
The sling bullet misses the orc wizard.
An adder comes into view.
You shoot a sling bullet. The adder hisses angrily.
The sling bullet hits the orc.
You kill the orc!
A rat comes into view.
You shoot a sling bullet. The sling bullet hits the orc.
The orc closely misses you. The rat bites you.
The orc wizard casts a spell.
The orc wizard flickers and vanishes!
Deactivating autopickup; reactivate with Ctrl-A.
The orc closely misses you.
HP[-1]
You take 1 damage, and now have 25/26 hp.
You shoot a sling bullet. The sling bullet hits the orc!
You kill the orc!
The rat twitches its whiskers.
The rat barely misses you. The orc hits you with a +0 hand axe.
HP[-2]
You take 2 damage, and now have 23/26 hp.
You shoot a sling bullet.
The sling bullet closely misses the orc.
The sling bullet hits the adder!
You drain the adder. The orc hits you with a +0 hand axe. Something hits you.
The rat closely misses you. The orc hits you with a +0 hand axe.
The rat misses you.
You hear some strange, mumbled words.
You are confused.
HP[-7]
You take 7 damage, and now have 16/26 hp.
MASSIVE DAMAGE!! (PAUSE) Non-targeted confused fire: i) +8 sling of Vuciy {drain, ^Drain rPois Dex+3}
Press: ? - help, Q - select action Dir - look around, f - activate Look: an orc, wielding a +0 hand axe You shoot a sling bullet.
The orc hits you with a +0 hand axe.
* * * LOW HITPOINT WARNING * * *
Something hits you.
* * * LOW HITPOINT WARNING * * *
The rat misses you.
HP[-7]
You take 7 damage, and now have 9/26 hp.
MASSIVE DAMAGE!! (PAUSE) Non-targeted confused fire: i) +8 sling of Vuciy {drain, ^Drain rPois Dex+3}
Press: ? - help, Q - select action Dir - look around, f - activate You shoot a sling bullet.
A goblin comes into view. It is wielding a +0 dagger.
The rat closely misses you. The orc misses you. Something hits you.
* * * LOW HITPOINT WARNING * * *
HP[-1]
You take 1 damage, and now have 8/26 hp.
Non-targeted confused fire: i) +8 sling of Vuciy {drain, ^Drain rPois Dex+3}
Press: ? - help, Q - select action Dir - look around, f - activate Look: an orc, wielding a +0 hand axe You shoot a sling bullet.
The goblin shouts!
The orc hits you with a +0 hand axe.
* * * LOW HITPOINT WARNING * * *
The rat closely misses you. Something hits you.
* * * LOW HITPOINT WARNING * * *
Something hits you.
* * * LOW HITPOINT WARNING * * *
The rat barely misses you. The orc closely misses you.
HP[-7]
You take 7 damage, and now have 1/26 hp.
MASSIVE DAMAGE!! (PAUSE) It was a potion of might.
You feel very mighty all of a sudden. The orc hits you with a +0 hand axe.
You die...

Skill      XL: |  1  2  3 |
---------------+----------+-----
Fighting       | 2 3 |  3.5
Dodging        | |  2.0
Unarmed Combat | |  3.0
Shapeshifting  | |  3.0

Action                     || total
---------------------------++-------
  Melee: Short sword       ||    39
         Constrict         ||     7
         Tentacles         ||     4
   Fire: Sling             ||    27
    Use: Potion            ||     1
   Stab: Sleeping          ||     3
 Armour: Skin              ||    26
  Dodge: Dodged            ||    29
   Form: Beast             ||     1

Levels and vault maps discovered:
D:1:      dreamdust_arrival_beginning_and_end, layout_basic,
          minmay_misc_feat_plants
D:2:      layout_rooms, basic_altar, serial_bayou_pond_b, chequers_jeans,
          uniq_sigmund, uniq_natasha

Notes
Turn   | Place    | Note
-------+----------+-------------------------------------------
     0 | D:1      | zeratav the Octopode Shapeshifter began the quest for the
                  | Orb.
     0 | D:1      | Reached XP level 1. HP: 13/13 MP: 1/1
     0 | D:1      | magus.rc [v1.9.6]
    84 | D:1      | Reached skill level 2 in Fighting
    84 | D:1      | Reached XP level 2. HP: 12/19 MP: 2/2
   659 | D:1      | Reached XP level 3. HP: 23/25 MP: 3/3
   714 | D:1      | Reached skill level 3 in Fighting
   897 | D:2      | Identified the +8 sling of Vuciy {drain, ^Drain rPois
                  | Dex+3}
   941 | D:2      | Identified the +2 leather armour "Idepaeg" {Dex+3}
   983 | D:2      | HP: 4/26 [something (3)]
   983 | D:2      | HP: 1/26 [something (3)]
   984 | D:2      | Slain by an orc

Vanquished Creatures
  A dart slug (D:2)
  A ribbon worm (D:2)
  2 orcs (D:2)
  3 endoplasms (D:1)
  2 giant cockroaches
  4 goblins
  4 hobgoblins
  5 jackals
  4 kobolds
  3 quokkas
  A ball python (D:2)
  2 bats
  3 frilled lizards
  5 rats
40 creatures vanquished.

Table legend:
 A = Non-vault XP
 B = Vault XP
 C = Vault XP percentage of total XP
 D = Non-vault monster count
 E = Vault monster count
 F = Vault count percentage of total count
                 A         B        C        D         E       F
            +---------+---------+-------+---------+---------+-------
      Total |      63 |      10 |  13.7 |      35 |       5 |  12.5
            +---------+---------+-------+---------+---------+-------
        D:1 |      42 |       0 |   0.0 |      25 |       0 |   0.0
        D:2 |      21 |      10 |  32.3 |      10 |       5 |  33.3
            +---------+---------+-------+---------+---------+-------

Skill      XL: |  1  2  3 |
---------------+----------+-----
Fighting       | 2 3 |  3.5
Dodging        | |  2.0
Unarmed Combat | |  3.0
Shapeshifting  | |  3.0

Action                     || total
---------------------------++-------
  Melee: Short sword       ||    39
         Constrict         ||     7
         Tentacles         ||     4
   Fire: Sling             ||    27
    Use: Potion            ||     1
   Stab: Sleeping          ||     3
 Armour: Skin              ||    26
  Dodge: Dodged            ||    29
   Form: Beast             ||     1

Illustrated notes

Table legend:
 A = Kills in this place as a percentage of kills in the entire game.
 B = Kills by you in this place as a percentage of kills by you in the entire game.
 C = Kills by friends in this place as a percentage of kills by friends in the entire game.
 D = Other kills in this place as a percentage of other kills in the entire game.
 E = Experience gained in this place as a percentage of experience gained in the entire game.
 F = Experience gained in this place divided by the number of levels of this place that you have seen.
                   A       B       C       D       E      F
               +-------+-------+-------+-------+-------+----------------------
         Total | 100.0 | 100.0 |   N/A |   N/A | 100.0 |  36.5
       Dungeon | 100.0 | 100.0 |   N/A |   N/A | 100.0 |  36.5
               +-------+-------+-------+-------+-------+----------------------

Table legend: (Time is in decaauts)
 A = Elapsed time spent in this place.
 B = Non-inter-level travel time spent in this place.
 C = Inter-level travel time spent in this place.
 D = Time resting spent in this place.
 E = Time spent auto-exploring this place.
 F = Levels seen in this place.
 G = Mean time per level.
                   A        B        C        D        E       F      G
               +--------+--------+--------+--------+--------+-----+--------+
         Total |    993 |    970 |     23 |     31 |    755 |   2 |  496.5 |
       Dungeon |    993 |    970 |     23 |     31 |    755 |   2 |  496.5 |
               +--------+--------+--------+--------+--------+-----+--------+

Top non-repeatable levels by time:
     D:1: 884 daAuts
     D:2: 109 daAuts
